 Dungeon Crawl Stone Soup version 0.30.0-3-ga4e48a9924 (webtiles) character file.

Game seed: 5831156635065577745

522 avis the Insei (level 7, -12/54 HPs)
             Began as a Merfolk Transmuter on May 8, 2023.
             Mangled by a two-headed ogre
             ... wielding a +0 giant club
              (20 damage)
             ... on level 4 of the Dungeon.
             The game lasted 00:26:31 (2538 turns).

avis the Insei (Merfolk Transmuter)                 Turns: 2538, Time: 00:26:31

Health: -12/54     AC:  2    Str: 11    XL:     7   Next: 22%
Magic:  2/10       EV: 22    Int: 12    God:
Gold:   277        SH:  0    Dex: 21    Spells: 4/10 levels left

rFire   + .          .
                       - Unarmed
rCold   . . .        (shield currently unavailable)
rNeg    . . .        a - melded +0 robe
rPois   x            (helmet currently unavailable)
rElec   .            (cloak currently unavailable)
rCorr   .            (gloves currently unavailable)
SInv    .            (boots currently unavailable)
Will    .....        g - amulet of regeneration
Stlth   +++          e - ring of protection from fire
HPRegen 1.09/turn    (no ring)
MPRegen 0.12/turn

%: no passive effects
@: spider-form
A: venomous fangs, tiny, (nimble swimmer 2), (mertail)
a: End Transformation


You were on level 4 of the Dungeon.
You were a venomous arachnid creature.
You visited 1 branch of the dungeon, and saw 5 of its levels.

You collected 277 gold pieces.

Inventory:

Hand Weapons
 o - a +1 dagger of draining
 q - a +2 mace of protection
 w - the +4 dagger of Kismet {heavy, rF+ rN+ rCorr}
   (You found it on level 4 of the Dungeon)

   rF:        It protects you from fire.
   rN:        It protects you from negative energy.
   rCorr:     It protects you from acid and corrosion.
Missiles
 k - 14 poisoned darts
 x - 2 atropa-tipped darts
Armour
 a - a +0 robe (melded)
Jewellery
 e - a ring of protection from fire (left front pincers)
 g - an amulet of regeneration (around neck)
 n - an amulet of magic regeneration
 v - a ring of protection from cold
Scrolls
 d - 7 scrolls of identify {unknown}
 f - 2 scrolls of blinking {unknown}
 h - 3 scrolls of poison {unknown}
 i - a scroll of fear {unknown}
 l - a scroll of magic mapping {unknown}
 m - a scroll of teleportation {unknown}
 r - a scroll of vulnerability {unknown}
 s - a scroll of immolation {unknown}
Potions
 b - a potion of lignification
 c - a potion of haste {unknown}
 j - 3 potions of cancellation {unknown}
 p - 2 potions of berserk rage {unknown}
 t - a potion of attraction {unknown}
 u - 3 potions of mutation {unknown}


   Skills:
 - Level 4.0 Fighting
 - Level 4.0 Dodging
 - Level 3.0 Stealth
 - Level 6.0 Unarmed Combat
 * Level 2.2 Spellcasting
 - Level 4.0 Transmutations
 - Level 1.0 Poison Magic


You had 4 spell levels left.
You knew the following spells:

 Your Spells              Type           Power      Damage    Failure   Level
a - Beastly Appendage     Tmut           20%        N/A       16%         1
e - Wereblood             Tmut           10%        N/A       21%         2
p - Spider Form           Tmut/Pois      7%         N/A       50%         3

Your spell library contained the following spells:

 Spells                   Type           Power      Damage    Failure   Level
 Stone Arrow              Conj/Erth      2%         3d7       82%         3
 Ice Form                 Ice/Tmut       6%         N/A       89%         4
 Animate Armour           Summ/Erth      2%         N/A       99%         4
 Lehudib's Crystal Spear  Conj/Erth      0%         10d2      100%        8


Dungeon Overview and Level Annotations

Branches:
Dungeon (5/15)
 Temple: D:4-7

Altars:
Dithmenos
Qazlal
Xom

Shops:
D:1 :

Annotations:
D:4 Grinder


Innate Abilities, Weirdness & Mutations

You are a venomous arachnid creature.
You have venomous fangs.
You are tiny and dextrous.
Your spellcasting is less reliable in this form.
Your armour is entirely melded.
You are incapable of wielding weapons or throwing items.
((You are very nimble when in or above water. (Stealth+, EV+, Speed+++)))
((Your lower body shifts to a powerful aquatic tail in water.))


Message History

The gnoll completely misses you. The gnoll closely misses you.
You hit the gnoll.
You kill the gnoll!
The gnoll closely misses you.
Your magical contamination has completely faded away.
You aren't carrying any items that you can evoke.
You hit the two-headed ogre.
The two-headed ogre is poisoned.
The two-headed ogre is lightly wounded.
The gnoll hits you from afar with a +0 spear!
The two-headed ogre hits you with a +0 giant club!
The two-headed ogre misses you.
You hit the two-headed ogre but do no damage.
The two-headed ogre looks as sick as possible!
The two-headed ogre is lightly wounded.
The gnoll completely misses you.
You hit the two-headed ogre.
The two-headed ogre looks as sick as possible!
The two-headed ogre is lightly wounded.
Your transformation has ended.
Your +0 robe unmelds from your body.
The two-headed ogre closely misses you.
The two-headed ogre hits you with a +0 giant spiked club!
* * * LOW HITPOINT WARNING * * *
The gnoll hits you from afar with a +0 spear.
* * * LOW HITPOINT WARNING * * *
Casting: Spider Form (dangerous; 28% risk of failure)
Confirm with . or Enter, or press ? or * to list all spells.
You turn into a venomous arachnid creature.
Your +0 robe melds into your body.
The two-headed ogre barely misses you. The two-headed ogre closely misses you.
The gnoll barely misses you.
You bite the two-headed ogre!
The two-headed ogre looks as sick as possible!
The two-headed ogre is heavily wounded.
The gnoll hits you from afar with a +0 spear.
* * * LOW HITPOINT WARNING * * *
Okay, then.
You bite the two-headed ogre!
The two-headed ogre looks as sick as possible!
The two-headed ogre is heavily wounded.
The two-headed ogre hits you with a +0 giant club!!
You die... #....$$.. ######## #....).. .......# #...... .#####.# #..... |# #.# #.... .# #.# gg.

. .# #.# #g# ... ### .# #.#
###O###.... #.. .#
#.#######..s)....... #.# .#
#.......'.......##..######.#
.#
#########.......##..........
.# #......## #........ .#
#......# #........ .#
#.....P# #........ .#
#......+ #........ .#
#.....P# #........ .#
#......# #........


You could see a two-headed ogre (extremely poisoned) and 3 gnolls.

Vanquished Creatures
  A water moccasin (D:5)
  An ice beast (D:5)
  A scorpion (D:5)
  A hound (D:4)
  Terence (D:2)
  An iguana (D:5)
  2 orc wizards (D:5)
  A gnoll (D:4)
  6 adders
  4 dart slugs
  9 orcs
  4 ball pythons
  7 bats
  2 endoplasms
  3 giant cockroaches
  6 goblins
  A hobgoblin (D:3)
  6 kobolds
  A quokka (D:3)
  6 frilled lizards
  8 rats
72 creatures vanquished.

Notes
Turn   | Place    | Note
-------+----------+-------------------------------------------
     0 | D:1      | avis the Merfolk Transmuter began the quest for the Orb.
     0 | D:1      | Reached XP level 1. HP: 15/15 MP: 3/3
   132 | D:1      | Reached XP level 2. HP: 17/22 MP: 3/5
   155 | D:1      | Learned a level 2 spell: Wereblood
   411 | D:1      | Found a faded altar of an unknown god.
   587 | D:1      | Found Fycep's Book Shop.
   947 | D:2      | Found a shimmering altar of Xom.
   989 | D:2      | Reached skill level 4 in Unarmed Combat
  1025 | D:2      | Reached XP level 3. HP: 27/27 MP: 4/6
  1070 | D:2      | Reached skill level 1 in Stealth
  1113 | D:1      | Learned a level 3 spell: Spider Form
  1262 | D:2      | Reached skill level 1 in Poison Magic
  1368 | D:2      | Noticed Terence
  1382 | D:2      | Killed Terence
  1383 | D:2      | Reached XP level 4. HP: 34/35 MP: 4/7
  1849 | D:3      | You fall into a shaft and drop 2 floors!
  1849 | D:5      | Entered Level 5 of the Dungeon
  1861 | D:5      | Found a stormy altar of Qazlal.
  1862 | D:5      | Noticed a water moccasin
  1870 | D:5      | Reached XP level 5. HP: 35/41 MP: 4/8
  1878 | D:5      | Noticed an ice beast
  1881 | D:5      | Killed a water moccasin
  1882 | D:5      | Reached skill level 5 in Unarmed Combat
  1882 | D:5      | Reached XP level 6. HP: 47/47 MP: 3/9
  1882 | D:5      | Found a shadowy altar of Dithmenos.
  1888 | D:5      | Killed an ice beast
  1996 | D:5      | Reached XP level 7. HP: 39/54 MP: 5/10
  2037 | D:5      | Reached skill level 6 in Unarmed Combat
  2184 | D:4      | Noticed Grinder
  2356 | D:4      | Identified the +4 dagger of Kismet {heavy, rF+ rN+ rCorr}
  2527 | D:4      | Noticed a two-headed ogre
  2538 | D:4      | Mangled by a two-headed ogre

Illustrated notes

Levels and vault maps discovered:
D:1:      lightli_arrival_flooded_house, layout_basic,
          shapermc_ecumenical_altar_notcrosses, serial_shops, shop
D:2:      layout_rooms, basic_altar, guppyfry_early_lair_pool, uniq_terence
D:3:      layout_rooms, nicolae_uskayaw_murder_on_the_dancefloor,
          portal_sewer_entry_b
D:4:      layout_basic, cheibrodos_gnoll_hut, uniq_grinder
D:5:      layout_cave_pods, lemuel_round_altar,
          chequers_temple_overflow_statue_of_worship,
          minmay_temple_entry_overgrown, serial_shops, shop, uniq_menkaure

Skill      XL: |  1  2  3  4  5  6  7 |
---------------+----------------------+-----
Fighting       | 2 3 4 |  4.0
Unarmed Combat | 4 5 6 |  6.0
Dodging        | 3 4 |  4.0
Stealth        | 1 2 3 |  3.0
Transmutations | 3 4 |  4.0
Poison Magic   | 1 |  1.0
Spellcasting   | |  2.2

Action                     |  1- 3 |  4- 6 |  7- 9 || total
---------------------------+-------+-------+-------++-------
  Melee: Unarmed           |   104 |    68 |    38 ||   210
         Headbutt          |    15 |     2 |     4 ||    21
         Punch             |     3 |     2 |       ||     5
   Cast: Beastly Appendage |    28 |     5 |     3 ||    36
         Spider Form       |     1 |     8 |     8 ||    17
   Stab: Sleeping          |     1 |     1 |     3 ||     5
 Armour: Robe              |    29 |     2 |       ||    31
         Skin              |       |       |     1 ||     1
  Dodge: Dodged            |    57 |    60 |    28 ||   145
